[Event "Early-Titled-Tuesday-Blitz-January-16-2024"]
[Site "Chess.com"]
[Date "2024.01.16"]
[Round "2"]
[White "Shivananda1964"]
[Black "SaraBlackPanther"]
[Result "0-1"]
[WhiteElo "2367"]
[BlackElo "2729"]
[TimeControl "180+1"]
[EndTime "8:18:37 PST"]
[Termination "SaraBlackPanther won on time"]

1. e4 c5 2. Nf3 d6 3. Bc4 Nf6 4. e5 dxe5 5. Nxe5 e6 6. Qe2 a6 7. a4 Bd6 8. f4 O-O 9. d3 Qc7 10.
Nd2 Nc6 11. Ndf3 Rb8 12. Nxc6 Qxc6 13. a5 Qc7 14. O-O Bxf4 15. Bxf4 Qxf4 16. c3 Qc7 17. Ne5 b5 18. axb6 Rxb6 19. Rae1 Qe7 20. Qe3 Rxb2 21.
Rf3 Bb7 22. Rg3 Nd5 23. Qc1 Rb6 24. Qh6 Qf6 25. Qxf6 Nxf6 26. Rf1 Kh8 27. Rxf6 gxf6 28. Nd7 Rb1+ 29. Kf2 Rg8 30. Nxf6 Rxg3 31. hxg3 Rb2+ 32. Ke3 Rxg2 33. Ne8 Rxg3+ 34. Kf4 Rf3+ 35. Kg4 Rf1 36. Nd6 Bd5 37. Bxa6 Kg7 38. Bb5 Kg6 39. d4 Rg1+ 40.
Kh3 cxd4 41. cxd4 Kf6 42. Bd3 Ke7 0-1

[Event "Early-Titled-Tuesday-Blitz-January-16-2024"]
[Site "Chess.com"]
[Date "2024.01.16"]
[Round "2"]
[White "Mikhail_Golubev"]
[Black "rikchessmx"]
[Result "1-0"]
[WhiteElo "2545"]
[BlackElo "2312"]
[TimeControl "180+1"]
[EndTime "8:18:38 PST"]
[Termination "Mikhail_Golubev won by checkmate"]

1. e4 e5 2. Nf3 Nc6 3. Bc4 Bc5 4. c3 Qf6 5. d4 exd4 6. O-O dxc3 7. Nxc3 Nge7 8.
Bg5 Qg6 9. Nd5 Bb6 10. Nf4 Qd6 11. Qxd6 cxd6 12. Nd5 Nxd5 13. Bxd5 Ne5 14. Rad1 f6 15. Bf4 Ke7 16. Nd4 Bxd4 17. Rxd4 Rb8 18. Rfd1 b5 19. Bg3 Rb6 20. f4 Nc6 21. R4d2 Nd8 22. a3 Bb7 23. e5 dxe5 24. fxe5 f5 25. Bh4+ Ke8 26. Bb3 Bc8 27. e6 Nxe6 28. Re1 Kf7 29. Rf1 Kg6 30. Bc2 Rf8 31. g4 Kh6 32. gxf5 Ng5 33. Rg2 Nf7 34. Be1 Rd6 35. Bd2+ Rxd2 36. Rxd2 Kg5 37. f6 gxf6 38.
Rg2+ Kh6 39. Rxf6+ Kh5 40. Bd1+ Kh4 41. Rf4+ Kh3 42.
Rg3# 1-0

[Event "Early-Titled-Tuesday-Blitz-January-16-2024"]
[Site "Chess.com"]
[Date "2024.01.16"]
[Round "2"]
[White "SmirnovAlexandrA"]
[Black "FormerProdigy"]
[Result "0-1"]
[WhiteElo "2638"]
[BlackElo "3012"]
[TimeControl "180+1"]
[EndTime "8:18:40 PST"]
[Termination "FormerProdigy won by resignation"]

1. e4 c5 2. Nf3 d6 3. Bc4 Nf6 4. e5 dxe5 5. Nxe5 e6 6. Qe2 Qc7 7. b3 a6 8. a4 Nc6 9. Nxc6 Qxc6 10. O-O Bd7 11. Bb2 Be7 12. Na3 O-O 13. Bd3 Nd5 14. f4 f6 15. Nc4 b5 16. Ne3 Nb4 17. Rf3 Nxd3 18. Qxd3 Be8 19. axb5 axb5 20. Rxa8 Qxa8 21. Rh3 Bg6 22. Qd7 Kf7 23. f5 exf5 24. Nd5 Qd8 25. Qxe7+ Qxe7 26. Nxe7 Kxe7 27. d4 Rd8 28. Rd3 f4 29.
Rd2 Kf7 30. Kf2 Bf5 31. Ke1 cxd4 32. Rxd4 Re8+ 33. Kd2 g5 34. Rd5 Be4 35. Rxb5 Rd8+ 36. Ke2 Bxc2 37. b4 Bd3+ 0-1

[Event "Early-Titled-Tuesday-Blitz-January-16-2024"]
[Site "Chess.com"]
[Date "2024.01.16"]
[Round "2"]
[White "ContrVersia"]
[Black "SaiHanThiha"]
[Result "0-1"]
[WhiteElo "2827"]
[BlackElo "2583"]
[TimeControl "180+1"]
[EndTime "8:18:40 PST"]
[Termination "SaiHanThiha won on time"]

1. Nf3 Nf6 2. c4 g6 3. g3 Bg7 4.
Bg2 O-O 5. O-O d6 6. d4 c6 7. Nc3 Qa5 8. e4 Bg4 9. h3 Bxf3 10. Bxf3 e5 11. d5 cxd5 12. cxd5 Rc8 13. Bd2 Nbd7 14.
Qb1 h5 15. b4 Qd8 16. Nb5 Nb6 17. Qd3 Nc4 18. Bg5 Qd7 19. a4 a6 20. Nc3 Qxh3 21.
Rfc1 Ng4 22. Rc2 b5 23. Nd1 Nb6 24. Rc6 Nxa4 25. Bg2 Qh2+ 26. Kf1 f6 27. Bd2 h4 28.
gxh4 Qxh4 29. Rxd6 Nb2 30. Qg3 Qxg3 31. fxg3 Rc2 32.
Nxb2 Rxd2 33. Nd1 Rc8 34. Rc6 Rd8 35. Rc3 Bf8 36. Rb3 Rc8 37. Bh3 Nh2+ 38. Kg1 Rcc2 39. Rab1 Bxb4 40. Kh1 Bc5 41. Be6+ Kg7 42. Ra1 Nf3 0-1

[Event "Early-Titled-Tuesday-Blitz-January-16-2024"]
[Site "Chess.com"]
[Date "2024.01.16"]
[Round "2"]
[White "Nf3c5"]
[Black "JCVanDamme10"]
[Result "1-0"]
[WhiteElo "2551"]
[BlackElo "2322"]
[TimeControl "180+1"]
[EndTime "8:18:42 PST"]
[Termination "Nf3c5 won on time"]

1. d4 d5 2. Nf3 c6 3. e3 Nf6 4. c4 Bg4 5. h3 Bxf3 6. Qxf3 e6 7. a3 Nbd7 8. Nc3 Bd6 9. cxd5 exd5 10. Bd3 O-O 11.
O-O Re8 12. b4 a6 13. Na4 Nf8 14. Nc5 Qe7 15. Bb2 Ne4 16. Bxe4 dxe4 17. Qg4 g6 18. Rac1 f5 19. Qe2 Qf7 20. Rfd1 Rad8 21. d5 Bxc5 22. Rxc5 cxd5 23. Qd2 Ne6 24. Rxd5 Rxd5 25. Qxd5 h5 26. Qd7 Re7 27. Qc8+ Re8 28. Qc3 Kh7 29. Rd6 Nc7 30.
Qd2 Ne6 31. h4 f4 32. exf4 Qxf4 33. Rd7+ Kg8 34. Rg7+ Kf8 35. Qc3 e3 36. fxe3 Qf5 37.
Rxb7 1-0

[Event "Early-Titled-Tuesday-Blitz-January-16-2024"]
[Site "Chess.com"]
[Date "2024.01.16"]
[Round "2"]
[White "Actuary44"]
[Black "yonaltimur"]
[Result "0-1"]
[WhiteElo "2505"]
[BlackElo "2296"]
[TimeControl "180+1"]
[EndTime "8:18:42 PST"]
[Termination "yonaltimur won by resignation"]

1. e4 c5 2. d4 cxd4 3. c3 dxc3 4.
Nxc3 e6 5. f4 a6 6. Nf3 Ne7 7.
Bd3 Nbc6 8. O-O d5 9. e5 Nf5 10. Bxf5 exf5 11. Qxd5 Be6 12. Qxd8+ Rxd8 13. Be3 Bb4 14.
Rfd1 O-O 15. Bb6 Rxd1+ 16. Rxd1 Rc8 17. Nd5 Kf8 18. Ng5 h6 19. Nxe6+ fxe6 20. Nc7 Ke7 21. Rc1 Ba5 22. Bxa5 Nxa5 23. Nd5+ Kd8 24. Rd1 Ke8 25.
Nb6 Rc2 26. b4 Nc6 27. a3 Ra2 28. Nc4 b5 29. Nd6+ Ke7 30. Rc1 Kd7 31. Nb7 Rxa3 32. Nc5+ Ke7 33. Nxe6 Nxb4 34. Nxg7 Nd3 35. Nxf5+ Ke6 36.
Ng7+ Kd5 37. Rd1 b4 38. e6 Kd6 39. f5 Ke7 40. Nh5 Ne5 41. h3 b3 42. Re1 b2 43.
f6+ Kxe6 44. Nf4+ Kxf6 45. Nd5+ Kg7 46. Nf4 Ra1 47. Kf2 Rxe1 0-1

[Event "Early-Titled-Tuesday-Blitz-January-16-2024"]
[Site "Chess.com"]
[Date "2024.01.16"]
[Round "2"]
[White "remyrushbrooke"]
[Black "Alimpic"]
[Result "0-1"]
[WhiteElo "2204"]
[BlackElo "2491"]
[TimeControl "180+1"]
[EndTime "8:18:42 PST"]
[Termination "Alimpic won by resignation"]

1. Nf3 d5 2. g3 c6 3. Bg2 Bf5 4.
c4 e6 5. O-O Nd7 6. cxd5 exd5 7. d3 Ngf6 8. Nc3 Be7 9. Qc2 O-O 10. e4 dxe4 11. dxe4 Bg6 12. Nh4 Re8 13. Nxg6 hxg6 14. h3 a5 15. Be3 Bc5 16. Qe2 Bxe3 17. Qxe3 Qb6 18. Qxb6 Nxb6 19. Rad1 Rad8 20. b3 Kf8 21.
f4 Ke7 22. e5 Nfd5 23. Nxd5+ Nxd5 24. Bxd5 cxd5 25. Rd4 Ke6 26. g4 Re7 27. Kf2 Rc7 28.
Rfd1 g5 29. fxg5 Kxe5 30. R1d2 Rc3 31. R4d3 Rxd3 32. Rxd3 Kf4 33. Rf3+ Kxg5 34. Rxf7 Rc8 35. Rxg7+ Kf4 36. Rf7+ Ke4 37. Rxb7 Rc2+ 38. Kg3 d4 39. Re7+ Kd5 40. h4 d3 41. g5 d2 42. Rd7+ Ke4 43.
h5 Rc3+ 44. Kg4 Rd3 45. Re7+ Kd4 46. Rd7+ Kc3 47. Rc7+ Kb2 48. Rc1 dxc1=Q 0-1

[Event "Early-Titled-Tuesday-Blitz-January-16-2024"]
[Site "Chess.com"]
[Date "2024.01.16"]
[Round "2"]
[White "maHmoUd-S-haddAd-M"]
[Black "Alex_Sahakyan2006"]
[Result "0-1"]
[WhiteElo "2345"]
[BlackElo "2717"]
[TimeControl "180+1"]
[EndTime "8:18:43 PST"]
[Termination "Alex_Sahakyan2006 won by checkmate"]

1. e4 c6 2. d4 d5 3. exd5 cxd5 4. Bd3 Nc6 5. c3 Nf6 6. Bf4 g6 7. Nf3 Bg7 8. h3 Bf5 9. Ne5 O-O 10. Bxf5 gxf5 11.
O-O e6 12. Nd2 Rc8 13. Ndf3 Ne4 14. Nd3 Ne7 15. Nfe5 Ng6 16. Nxg6 hxg6 17. f3 Nd6 18. Qe1 Nc4 19. Qg3 Bf6 20. Rae1 Kg7 21. Re2 Rh8 22.
Be5 b5 23. Bxf6+ Qxf6 24. Qe1 a5 25. a3 Qg5 26. Qc1 Qg3 27. Nf2 b4 28. axb4 axb4 29.
Nh1 Qb8 30. Qg5 Rh5 31. Qg3 bxc3 32. Qxb8 Rxb8 33. bxc3 Rb3 34. Rc1 Rh8 35. Nf2 Ra8 36.
Nd1 Raa3 37. Kf2 f4 38. g4 Nd6 39. h4 Nb5 40. Rec2 Nd6 41. Ke2 Nc4 42. Kd3 Rb8 43. Rh2 Kf6 44. Rg2 Rh8 45. Rh2 Rb8 46. h5 Rh8 47. h6 g5 48. Rb1 Kg6 49. Rb7 Rxh6 50. Rxh6+ Kxh6 51. Rxf7 Ra2 52. Rf6+ Kg7 53. Rxe6 Rd2# 0-1

[Event "Early-Titled-Tuesday-Blitz-January-16-2024"]
[Site "Chess.com"]
[Date "2024.01.16"]
[Round "2"]
[White "eCztery"]
[Black "Yushko_Olga"]
[Result "1-0"]
[WhiteElo "2463"]
[BlackElo "2110"]
[TimeControl "180+1"]
[EndTime "8:18:43 PST"]
[Termination "eCztery won by resignation"]

1. e4 e6 2. d4 d5 3. exd5 exd5 4. Nf3 Nf6 5. Bd3 Nc6 6. O-O Be7 7. c4 Bg4 8. Be3 dxc4 9. Bxc4 O-O 10. Nbd2 Nd5 11. h3 Bh5 12. Re1 Re8 13. Rc1 Bf6 14. Qb3 Nxe3 15.
fxe3 Na5 16. Qb5 Nxc4 17. Qxh5 Nxb2 18. Qb5 c5 19. Qxb2 cxd4 20. exd4 Qd5 21. Kh1 h6 22. Qb3 Qd7 23. Ne4 Qf5 24. Nd6 Rxe1+ 25. Rxe1 Qd7 26. Qxb7 Rd8 27. Re8+ Kh7 28. Rxd8 Qxd8 29. Nxf7 Qe8 30. N7e5 Qa4 31. Qe4+ Kg8 32. Qd5+ Kh7 33. Kh2 Qa3 34. Nd7 Qe3 35. Nxf6+ gxf6 36. Qf7+ Kh8 37. Qxf6+ Kh7 38. Qf7+ Kh8 39. d5 Qc5 40. Qf6+ Kh7 41. d6 Qc6 42. Qe7+ Kg6 43. d7 Qc7+ 44. Ne5+ Kf5 45. d8=Q 1-0

[Event "Early-Titled-Tuesday-Blitz-January-16-2024"]
[Site "Chess.com"]
[Date "2024.01.16"]
[Round "2"]
[White "Cheer_Down"]
[Black "carokannlover213"]
[Result "1-0"]
[WhiteElo "2529"]
[BlackElo "2768"]
[TimeControl "180+1"]
[EndTime "8:18:44 PST"]
[Termination "Cheer_Down won on time"]

1. d4 g6 2. e4 Bg7 3. Nf3 c6 4. Nc3 d5 5. h3 dxe4 6. Nxe4 Nf6 7. Nxf6+ exf6 8. Bd3 O-O 9. O-O Nd7 10. c3 Nb6 11. Re1 a5 12. a4 Be6 13. Bf4 Bc4 14.
Bxc4 Nxc4 15. b3 Nb6 16. c4 Qd7 17. Qc2 Rfe8 18. Rad1 Bf8 19. Qd2 Rxe1+ 20. Qxe1 Bb4 21. Qf1 Qf5 22. Bg3 Re8 23. Qd3 Qxd3 24. Rxd3 Re2 25. d5 cxd5 26. cxd5 Kf8 27. Nd4 Re1+ 28. Kh2 Re4 29.
f3 Re8 30. Nc2 Bc5 31. Rc3 Bb4 32. Nxb4 axb4 33. Bd6+ Kg7 34. Rc7 Nxd5 35. Rxb7 Re2 36. Bxb4 Nf4 37. a5 Nxg2 38. a6 Nh4+ 39. Kg1 Nxf3+ 40.
Kf1 Ra2 41. a7 Nd4 42. Bc5 Nc6 43. b4 Ne5 44. Rb8 Nf3 45. a8=Q Rd2 46. Qxf3 1-0

[Event "Early-Titled-Tuesday-Blitz-January-16-2024"]
[Site "Chess.com"]
[Date "2024.01.16"]
[Round "2"]
[White "NM_Antelacus"]
[Black "Manukyan_Artak"]
[Result "0-1"]
[WhiteElo "2132"]
[BlackElo "2556"]
[TimeControl "180+1"]
[EndTime "8:18:44 PST"]
[Termination "Manukyan_Artak won by resignation"]

1. e4 c6 2. d4 d5 3. e5 Bf5 4.
Nf3 e6 5. Be2 c5 6. c3 Nc6 7.
O-O Qb6 8. a3 a5 9. Nh4 Bg6 10.
Nxg6 hxg6 11. dxc5 Bxc5 12. Bf4 Qxb2 13. Nd2 Qb6 14. c4 Nge7 15. cxd5 Nxd5 16. Bg3 Nc3 17. Qe1 Nxe2+ 18. Qxe2 O-O 19. Ne4 Be7 20. Rab1 Qa6 21. Qxa6 bxa6 22. Nd6 Rab8 23. f4 Nd4 24. Rfd1 Nf5 25.
Nc4 a4 26. Bf2 Rfc8 27. Nb6 Rc3 28. Nxa4 Rxb1 29. Rxb1 Rxa3 30. Nb6 g5 31. fxg5 Bxg5 32. h3 a5 33. Nc4 Ra2 34. Rb8+ Kh7 35. Ra8 a4 36. g4 Nh4 37. Bxh4 Bxh4 38. Nd6 Kg6 39.
Kf1 a3 40. Nc4 Rf2+ 41. Kg1 a2 42. Nd6 Rb2 43. Ne4 Rb1+ 44. Kg2 a1=Q 0-1

[Event "Early-Titled-Tuesday-Blitz-January-16-2024"]
[Site "Chess.com"]
[Date "2024.01.16"]
[Round "2"]
[White "only_strong_moves"]
[Black "talaicito"]
[Result "1-0"]
[WhiteElo "2536"]
[BlackElo "2293"]
[TimeControl "180+1"]
[EndTime "8:18:44 PST"]
[Termination "only_strong_moves won on time"]

1. d4 e6 2. c4 f5 3. h3 Nf6 4. Nc3 Bb4 5. Qc2 b6 6. e3 Bb7 7.
Bd2 O-O 8. Nf3 d6 9. Bd3 Nbd7 10. d5 Nc5 11. dxe6 Nxd3+ 12. Qxd3 Ne4 13. Nd5 Bxd2+ 14. Nxd2 Bxd5 15. Qxd5 Qe7 16. Nxe4 fxe4 17. Qxe4 Rae8 18. a4 a5 19. O-O Rf6 20. Rab1 Rxe6 21. Qd5 Kh8 22.
b4 Re5 23. Qd3 axb4 24. Rxb4 Ra8 25. Qb3 h6 26. Rb5 Kh7 27. Rd1 g6 28. Rdd5 Re4 29. Rd1 h5 30. Qc2 Kh6 31. g3 Qe6 32. Rbd5 Rf8 33.
h4 Rg4 34. R1d4 c6 35. Rxg4 cxd5 36. Rd4 dxc4 37. Rxc4 Qf6 38. Rd4 Re8 39. Qd2 Re6 40. Rb4 Qa1+ 41. Kg2 Qa3 42. Rxb6 Qxa4 43. e4+ 1-0

[Event "Early-Titled-Tuesday-Blitz-January-16-2024"]
[Site "Chess.com"]
[Date "2024.01.16"]
[Round "2"]
[White "Malikova777"]
[Black "noblerone"]
[Result "1/2-1/2"]
[WhiteElo "2270"]
[BlackElo "2510"]
[TimeControl "180+1"]
[EndTime "8:18:44 PST"]
[Termination "Game drawn by repetition"]

1. d4 d5 2. c4 c6 3. cxd5 cxd5 4. Bf4 Nf6 5. Nc3 Nc6 6. e3 a6 7. Be2 Bf5 8. Nf3 e6 9. Qb3 Ra7 10. O-O Bd6 11. Bxd6 Qxd6 12. Nh4 Bg6 13. Rac1 Nd7 14. f4 O-O 15. Nxg6 hxg6 16. Na4 Na5 17. Qd1 b5 18. Nc5 Nc4 19. Bxc4 bxc4 20. b3 Nxc5 21. dxc5 Qxc5 22. bxc4 Qxe3+ 23. Kh1 d4 24. Rf3 Qe4 25. Rd3 Rd8 26. Qd2 Rc7 27. c5 Rd5 28. h3 e5 29.
fxe5 Qxe5 30. Rc4 Rcxc5 31. Rcxd4 Rxd4 32. Rxd4 Rc1+ 33. Qxc1 Qxd4 34. Qc8+ Kh7 35. Qxa6 Qd1+ 36. Kh2 f5 37. Qc4 Qd6+ 38. Kg1 g5 39. a4 Qd1+ 40. Kf2 f4 41. Qb5 Qd2+ 42. Kf1 Qc1+ 43. Kf2 Qe3+ 44. Kf1 f3 45. gxf3 Qxf3+ 46. Kg1 Qg3+ 47. Kf1 Qxh3+ 48. Kf2 Qh2+ 49. Kf3 Qf4+ 50. Kg2 g4 51. Qh5+ Kg8 52. Qe8+ Kh7 53. Qh5+ Kg8 54. Qe8+ Kh7 55. Qh5+ 1/2-1/2

[Event "Early-Titled-Tuesday-Blitz-January-16-2024"]
[Site "Chess.com"]
[Date "2024.01.16"]
[Round "2"]
[White "artooon"]
[Black "albi1999"]
[Result "1-0"]
[WhiteElo "2965"]
[BlackElo "2613"]
[TimeControl "180+1"]
[EndTime "8:18:45 PST"]
[Termination "artooon won by resignation"]

1. e4 c5 2. Nf3 a6 3. c4 Nc6 4. d4 cxd4 5. Nxd4 Nf6 6. Nc3 e5 7. Nf5 d6 8. Ne3 g6 9. Bd3 Bh6 10. O-O O-O 11. b3 Be6 12. Ned5 Bxc1 13. Qxc1 Bxd5 14. exd5 Nd4 15. Kh1 Nh5 16. g3 f5 17. f4 exf4 18. gxf4 Qh4 19. Qe3 Qf6 20. Qd2 Rae8 21. Rae1 Qh4 22. Re3 Re7 23. Rxe7 Ng3+ 24.
Kg2 Nxf1 25. Qe1 Qxh2+ 26. Kxf1 Qh3+ 27. Kf2 Qf3+ 28. Kg1 Qxd3 29. Qe3 Qxe3+ 30. Rxe3 Kf7 31. Rd3 Nc2 32. Kf2 Re8 33. Ne2 Nb4 34. Rh3 h5 35. Nd4 Re4 36. Ne6 b5 37. Ng5+ Kf6 38. Nxe4+ fxe4 39.
Rg3 Kf5 40. Rg5+ Kxf4 41. Rxg6 bxc4 42. bxc4 Ke5 43. Ke3 Nc2+ 44. Kd2 Nb4 45. a3 Nd3 46. Ke3 Nc5 47. Rg5+ Kf6 48. Rxh5 a5 1-0

[Event "Early-Titled-Tuesday-Blitz-January-16-2024"]
[Site "Chess.com"]
[Date "2024.01.16"]
[Round "2"]
[White "Tejas_Rama"]
[Black "NovakCabarkapa"]
[Result "1-0"]
[WhiteElo "2569"]
[BlackElo "2794"]
[TimeControl "180+1"]
[EndTime "8:18:45 PST"]
[Termination "Tejas_Rama won by resignation"]

1. d4 Nf6 2. c4 g6 3. Nf3 Bg7 4. Nc3 d6 5. e4 O-O 6. Be2 Nc6 7. O-O e5 8. Be3 Ng4 9. Bg5 f6 10. Bc1 Kh8 11. d5 Ne7 12. h3 Nh6 13. b4 a5 14. bxa5 f5 15. Ng5 Rxa5 16. Bd2 Ra8 17.
exf5 Nhxf5 18. Nce4 Nd4 19. Bg4 Nef5 20. Be3 Bh6 21. Bxd4 Bxg5 22. Bc3 b6 23. Qd3 h5 24. Be2 Bh6 25. f4 Bg7 26. fxe5 dxe5 27. Rf2 Ra4 28.
Bb2 Ba6 29. Qb3 Ra5 30. Bc3 Nd4 31. Qb2 Rxf2 32. Nxf2 Ra4 33. Bxd4 exd4 34. Qb3 Qe8 35. Re1 Bxc4 36. Qd1 Bxe2 37. Rxe2 Qa8 38. Qb1 Qxd5 39.
Qxg6 Ra8 40. Ne4 d3 41. Ng5 Qxg5 42. Qxg5 dxe2 43. Qxh5+ Kg8 44. Qd5+ Kh7 45. Qe4+ Kh8 46. Qxa8+ Bf8 47. Qxf8+ Kh7 48. Qe7+ 1-0

[Event "Early-Titled-Tuesday-Blitz-January-16-2024"]
[Site "Chess.com"]
[Date "2024.01.16"]
[Round "2"]
[White "oneshot007"]
[Black "chenxiaoyuer"]
[Result "0-1"]
[WhiteElo "2389"]
[BlackElo "2735"]
[TimeControl "180+1"]
[EndTime "8:18:46 PST"]
[Termination "chenxiaoyuer won by resignation"]

1. Nf3 Nf6 2. g3 g6 3. Bg2 Bg7 4. c4 O-O 5. O-O d6 6. d4 c6 7. Nc3 Bf5 8. b3 Ne4 9. Nxe4 Bxe4 10. Bb2 Nd7 11. Qd2 a5 12. Bh3 Bxf3 13. exf3 e6 14. d5 exd5 15. Bxg7 Kxg7 16. Bxd7 Qxd7 17. cxd5 c5 18. Rfe1 a4 19. b4 b6 20. Re3 Qb5 21.
bxc5 bxc5 22. Re7 Qb4 23. Qg5 Qb2 24. Rae1 Qxa2 25. R1e6 Qb2 26. h4 a3 27. h5 a2 28.
hxg6 a1=Q+ 29. Kg2 Qxf2+ 30. Kxf2 Ra2+ 31. Re2 Qd4+ 32. Kg2 Rxe2+ 33. Rxe2 hxg6 34. Rd2 Qf6 35. Qe3 Rh8 36. Re2 Qf5 37. g4 Qf6 38. Qe7 Rb8 39. Re6 Qxe7 40. Rxe7 Kf6 41. Rd7 Rb6 42. f4 c4 43. Kf3 c3 44. Ke2 Rb4 45. Rxd6+ Ke7 46. Rc6 Rxf4 47. Rxc3 Rxg4 48. Kf3 Rd4 49. Rc7+ Kf6 50.
Rd7 g5 51. Kg3 Kg6 52. Re7 f5 53. Re6+ Kf7 54. Rd6 Rd3+ 55. Kf2 f4 56. Rh6 g4 57.
Kg2 Rd2+ 58. Kf1 f3 59. Re6 g3 60. Re3 Rd1+ 61. Re1 g2+ 62. Kf2 Rxe1 0-1

[Event "Early-Titled-Tuesday-Blitz-January-16-2024"]
[Site "Chess.com"]
[Date "2024.01.16"]
[Round "2"]
[White "Dedic8"]
[Black "Quattroporte300"]
[Result "0-1"]
[WhiteElo "2799"]
[BlackElo "2473"]
[TimeControl "180+1"]
[EndTime "8:18:46 PST"]
[Termination "Quattroporte300 won on time"]

1. d4 g6 2. e4 Bg7 3. c4 d6 4. Nc3 Nd7 5. Nf3 Ngf6 6. h3 O-O 7. Be3 e5 8. d5 a5 9. g4 Nc5 10. Nd2 c6 11. Be2 cxd5 12. cxd5 a4 13. a3 Bd7 14. h4 Qb6 15. Rb1 Qa5 16. Kf1 b5 17. h5 Qa6 18. Kg2 Qb7 19. g5 Ne8 20. Bg4 Nd3 21.
Bxd7 Qxd7 22. Qf3 Nf4+ 23. Bxf4 exf4 24. Qxf4 f5 25. hxg6 fxe4 26. Qh4 hxg6 27. Ndxe4 Qf5 28. Rh3 Rc8 29. Re1 Rc4 30. Ree3 Kf7 31. Rhf3 Kg8 32. Rxf5 gxf5 33. g6 Nf6 0-1

[Event "Early-Titled-Tuesday-Blitz-January-16-2024"]
[Site "Chess.com"]
[Date "2024.01.16"]
[Round "2"]
[White "ErikRonka"]
[Black "effefe"]
[Result "1-0"]
[WhiteElo "2539"]
[BlackElo "2297"]
[TimeControl "180+1"]
[EndTime "8:18:46 PST"]
[Termination "ErikRonka won by resignation"]

1. e4 c5 2. Nf3 d6 3. Bb5+ Nd7 4. d4 cxd4 5. Qxd4 a6 6. Bxd7+ Qxd7 7. c4 Nf6 8. Bg5 e5 9. Qd3 Be7 10. Nc3 O-O 11.
O-O Nh5 12. Bxe7 Qxe7 13. Rfd1 Rd8 14. Nd5 Qf8 15. Nb6 Rb8 16. Nxe5 Nf4 17. Qd2 Ne6 18. Nf3 Nc5 19. Nxc8 Rbxc8 20. Re1 Nd7 21. b3 Ne5 22. Nd4 g6 23. Rad1 Qe7 24. Ne2 Qh4 25.
Nc3 b5 26. cxb5 Ng4 27. h3 Rxc3 28. hxg4 Rc5 29. bxa6 Qxg4 30. Qe2 Qh4 31. g3 Qh3 32. Qf1 Qc8 33. e5 d5 34. Qg2 Qxa6 35. a4 Qc6 36.
Qf3 Rc3 37. Re3 Rxe3 38. Qxe3 Rb8 39. Rd3 Rd8 40. Qd4 Qe6 41. b4 Rc8 42. Kg2 Qg4 43. Qxg4 1-0

[Event "Early-Titled-Tuesday-Blitz-January-16-2024"]
[Site "Chess.com"]
[Date "2024.01.16"]
[Round "2"]
[White "tomesao"]
[Black "carloseduar100"]
[Result "1-0"]
[WhiteElo "2510"]
[BlackElo "2247"]
[TimeControl "180+1"]
[EndTime "8:18:46 PST"]
[Termination "tomesao won by checkmate"]

1. d4 d5 2. Nf3 c6 3. Bf4 e6 4. e3 Bd6 5. Nbd2 Bxf4 6. exf4 Qd6 7. g3 Nd7 8. c3 Nh6 9. Bd3 f5 10. Ne5 O-O 11. O-O Nf7 12. Nxf7 Rxf7 13. Nf3 Rf6 14. Re1 Rh6 15. Kg2 Nf6 16. h4 Bd7 17. Ng5 Rf8 18.
Qe2 Ne4 19. f3 Nxg5 20. hxg5 Rg6 21. Rh1 h6 22. gxh6 Qxf4 23. h7+ Kh8 24. Rh3 Qg5 25.
Rah1 a6 26. Kf2 Rgf6 27. f4 Qg6 28. Qe5 Qf7 29. Qc7 Bc8 30. Qxf7 R6xf7 31. a4 a5 32. Rb1 b6 33. b4 axb4 34. Rxb4 Ra7 35. Rxb6 Rxa4 36.
Rxc6 Ra2+ 37. Ke3 Bd7 38. Rc7 Bc8 39. Re7 Ra3 40. Rc7 Ra2 41. Rh5 Ba6 42. Ra7 Bc4 43. Re7 Bxd3 44. Kxd3 Rg2 45. Rg5 Kxh7 46. Rexg7+ Kh6 47.
R7g6+ Kh7 48. Rxe6 Ra8 49. Re7+ Kh6 50. Re2 Rg1 51.
Rh2# 1-0

[Event "Early-Titled-Tuesday-Blitz-January-16-2024"]
[Site "Chess.com"]
[Date "2024.01.16"]
[Round "2"]
[White "BelyakovBogdan"]
[Black "Sebastian"]
[Result "1-0"]
[WhiteElo "2447"]
[BlackElo "2959"]
[TimeControl "180+1"]
[EndTime "8:18:48 PST"]
[Termination "BelyakovBogdan won on time"]

1. e4 c5 2. Nf3 d6 3. Bb5+ Nd7 4. a4 Nf6 5. Nc3 a6 6. Be2 b6 7. d4 cxd4 8. Qxd4 Bb7 9. O-O e6 10. Rd1 Be7 11. Nd2 Nc5 12. b4 e5 13. Qe3 Ne6 14. Nc4 Nd4 15. Rxd4 exd4 16. Qxd4 Rc8 17. Bb2 Rc6 18. Nd5 O-O 19. Ndxb6 Re8 20. Bf3 Bf8 21. h3 Rc7 22. Nd5 Nxd5 23. exd5 Qb8 24. Ne3 Bc8 25. Ba3 Be7 26. Rb1 Bf6 27. Qd2 Bc3 28. Qd3 Bf6 29. c4 h6 30. c5 dxc5 31. bxc5 Rb7 32. Rxb7 Qxb7 33. d6 Qa7 34. c6 Be6 35. d7 Rd8 36. Bg4 Qb6 37. Bxe6 fxe6 38. Qc4 Kh8 39. Qxe6 Bd4 40.
Be7 Ra8 41. Qd6 Bxe3 42. fxe3 Qxe3+ 43. Kh2 1-0

[Event "Early-Titled-Tuesday-Blitz-January-16-2024"]
[Site "Chess.com"]
[Date "2024.01.16"]
[Round "2"]
[White "UmarovSabir"]
[Black "JonasEilenberg"]
[Result "1/2-1/2"]
[WhiteElo "2304"]
[BlackElo "2529"]
[TimeControl "180+1"]
[EndTime "8:18:49 PST"]
[Termination "Game drawn by repetition"]

1. e4 c5 2. Nf3 a6 3. c4 Nc6 4.
Nc3 Nd4 5. d3 g6 6. Nxd4 cxd4 7.
Ne2 Bg7 8. h4 h5 9. Ng3 d6 10.
Be2 e6 11. Bg5 Qa5+ 12. Qd2 Qxd2+ 13. Bxd2 Ne7 14. b4 Bd7 15. a4 O-O 16. a5 Rfc8 17. f4 d5 18. Rc1 dxc4 19. dxc4 Rab8 20. c5 Bc6 21. Bd3 Rd8 22. Kf2 Rd7 23. Rhe1 Rbd8 24. Ne2 Nc8 25. Rg1 f5 26. e5 Ne7 27. Rb1 Kf7 28.
Rb2 Bb5 29. Bxb5 axb5 30. Nc1 d3 31. Rb3 Nc6 32. Re1 Rd4 33. g3 Rc4 34. Re3 Rc2 35.
Ke1 Rd4 36. Rexd3 Ke7 37. Rxd4 Nxd4 38. Rd3 Nc6 39. Kd1 Rc4 40. Rb3 Nd4 41. Rd3 Nc6 42.
Rb3 Bf8 43. Ne2 Kf7 44. Be1 Ke8 45. Bd2 Be7 46. Be1 Nd4 47. Nxd4 Rxd4+ 48. Ke2 Kd7 49.
Bf2 Rd5 50. Rd3 Kc6 51. Rxd5 Kxd5 52. Kd3 Bd8 53. Be3 Bc7 54. Bf2 Bd8 55. Be3 Kc6 56. Bf2 Kd5 1/2-1/2

[Event "Early-Titled-Tuesday-Blitz-January-16-2024"]
[Site "Chess.com"]
[Date "2024.01.16"]
[Round "2"]
[White "Arimin1329"]
[Black "The_Sherman_Variation"]
[Result "1-0"]
[WhiteElo "2413"]
[BlackElo "2695"]
[TimeControl "180+1"]
[EndTime "8:18:50 PST"]
[Termination "Arimin1329 won by resignation"]

1. Nf3 d5 2. g3 e6 3. Bg2 Nf6 4.
O-O Be7 5. d4 O-O 6. b3 b5 7. c4 bxc4 8. bxc4 dxc4 9. Ne5 Nd5 10. Nxc4 Ba6 11. Qa4 c6 12. Ba3 Bb5 13. Qc2 Nd7 14.
Rc1 Re8 15. Bxe7 Qxe7 16. a4 Ba6 17. Nbd2 Rec8 18. Ne4 Bxc4 19. Qxc4 Rab8 20. Rab1 h6 21. Qa6 Rxb1 22. Qxc8+ Kh7 23. Rxb1 f5 24. Nc5 Nxc5 25. Bxd5 exd5 26. dxc5 Qe4 27. Re1 h5 28. Qd8 Qb4 29. Rc1 Qd2 30. Rf1 Qxe2 31. Qd7 Qe4 32. h4 f4 33. Qd6 fxg3 34. Qxg3 Qxa4 35. Kh2 Qd4 36. Rg1 Qf6 37. Rg2 a5 38. Qg5 Qf7 39. f4 a4 40. f5 Kh8 41. Qg6 Qc7+ 42. Kh3 Qd7 43. Qxh5+ Kg8 44. Qg4 Qf7 45. Qg6 Qb7 46. f6 Qd7+ 47. Kh2 Qc7+ 48. Kh1 a3 49. Qxg7+ Qxg7 50.
Rxg7+ Kf8 51. Ra7 a2 52. Rxa2 Kf7 53. Rf2 d4 54. h5 d3 55. h6 Kg6 56. f7 d2 57.
Rxd2 Kxf7 58. Rg2 1-0

[Event "Early-Titled-Tuesday-Blitz-January-16-2024"]
[Site "Chess.com"]
[Date "2024.01.16"]
[Round "2"]
[White "agvega14"]
[Black "Yurasova_Daria"]
[Result "0-1"]
[WhiteElo "2142"]
[BlackElo "2466"]
[TimeControl "180+1"]
[EndTime "8:18:50 PST"]
[Termination "Yurasova_Daria won on time"]

1. d4 d5 2. c4 dxc4 3. Nc3 Nf6 4. e3 e6 5. Bxc4 a6 6. a4 b6 7. Nf3 Bb7 8. O-O Nbd7 9. Qe2 c5 10. Rd1 Qc7 11.
Bb3 Be7 12. Bc2 O-O 13. e4 cxd4 14. Nxd4 Rfd8 15. Bg5 h6 16. Bh4 Rac8 17. Rac1 Qb8 18. Bb1 Qa8 19. f3 Nf8 20. Ba2 Bc5 21. Bf2 Kh8 22.
Nb3 Bxf2+ 23. Qxf2 b5 24. a5 Ng6 25. Nc5 Bc6 26. b4 Ne5 27. Qg3 Ng6 28. Ne2 Rxd1+ 29.
Rxd1 Rd8 30. Qe1 Rc8 31. Nd4 Bb7 32. Qe3 Ne5 33. Qf4 Nc6 34. Nxc6 Bxc6 35. Rd6 Qa7 36. Qd2 Kh7 37. Kf1 Ne8 38. Rd8 Rxd8 39. Qxd8 Nf6 40. Bb3 Kg6 41. Qb6 Qa8 42. Nxa6 Nd7 0-1